 Dungeon Crawl Stone Soup version 0.16-a0-3003-ga5c7ff4 (webtiles) character file.

507206 Crauler the Sorcerer (level 24, -9/139 HPs)
             Began as a Deep Elf Fire Elementalist on Dec 1, 2014.
             Was the Champion of Sif Muna.
             Mangled by an acid blob (37 damage)
             ... on level 3 of the Pits of Slime on Dec 7, 2014.
             The game lasted 11:52:02 (69360 turns).

Crauler the Sorcerer (Deep Elf Fire Elementalist)  Turns: 69360, Time: 11:52:02

Health: -9/139     AC: 10    Str:  5    XL:     24   Next: 21%
Magic:  1/47       EV: 27    Int: 33    God:    Sif Muna [******]
Gold:   2566       SH: 16    Dex: 22    Spells: 12 memorised, 0 levels left

rFire  + + .     SeeInvis .     a - staff of fire
rCold  . . .     Clarity  .     L - +2 robe {Archmagi}
rNeg   . . .     SustAb   .     e - +3 shield "Kopnub" {MR++ Curse}
rPois  +         Gourm    .     (helmet restricted)
rElec  +         Spirit   .     y - +2 cloak {+Inv}
rCorr  .         Warding  .     q - +3 pair of gloves of Ghoyqoh {+Rage rPois MR+ Slay-1}
rMut   +         Stasis   .     H - +4 pair of boots "Xostriw" {rF+ Stlth+}
MR     +++++                    M - amulet of resist mutation
Stlth  ++++++....               N - +4 ring of protection
                                O - ring of Xeish {+Blink +Fly rElec Dex+3}

@: corroded equipment, very slightly contaminated, delayed fireball, deflect
missiles, almost entirely resistant to hostile enchantments, very stealthy
A: antennae 1, thin skeletal structure 1, agile 1
a: Channel Energy, Forget Spell, Renounce Religion, Release Delayed Fireball,
Evoke Blink, Evoke Berserk Rage, Evoke Invisibility, Evoke Flight
}: 2/15 runes: decaying, serpentine


You were on level 3 of the Pits of Slime.
You worshipped Sif Muna.
Sif Muna was exalted by your worship.
You were not hungry.

You visited 10 branches of the dungeon, and saw 53 of its levels.
You visited the Abyss 1 time.
You also visited: Labyrinth, Trove, Sewer, Ossuary, Ice Cave and Wizlab.

You collected 6219 gold pieces.
You spent 3653 gold pieces at shops.

Inventory:

Armour
 e - the +3 shield "Kopnub" (worn) {MR++ Curse}
   (You acquired it on level 3 of the Vaults)

   It affects your resistance to hostile enchantments.
   It may recurse itself when equipped.
 q - the +3 pair of gloves of Ghoyqoh (worn) {+Rage rPois MR+ Slay-1}
   (You acquired it on level 1 of the Swamp)

   It affects your accuracy and damage with ranged weapons and melee attacks
   (-1).
   It protects you from poison.
   It affects your resistance to hostile enchantments.
   It lets you go berserk.
 y - a +2 cloak of invisibility (worn)
 H - the +4 pair of boots "Xostriw" (worn) {rF+ Stlth+}
   (You found it on level 3 of the Depths)

   It protects you from fire.
   It makes you more stealthy.
 L - a +2 robe of the Archmagi (worn)
Magical staves
 a - an uncursed staff of fire (weapon)
 b - an uncursed staff of wizardry
Jewellery
 d - an uncursed ring of fire
 m - an uncursed amulet of regeneration
 M - an amulet of resist mutation (around neck)
 N - a +4 ring of protection (right hand)
 O - the ring of Xeish (left hand) {+Blink +Fly rElec Dex+3}
   (You found it in a labyrinth)

   [ring of dexterity]

   It affects your dexterity (+3).
   It insulates you from electricity.
   It lets you fly.
   It lets you blink.
Magical devices
 j - a wand of digging (12)
 l - a wand of disintegration (11)
 D - a wand of cold (9)
 R - a wand of hasting (6)
Scrolls
 g - 15 scrolls of identify
 n - 8 scrolls of enchant armour
 p - 13 scrolls of teleportation
 r - 2 scrolls of holy word
 s - 2 scrolls of summoning
 t - 13 scrolls of recharging
 v - 18 scrolls of remove curse
 A - a scroll of fear
 G - 4 scrolls of fog
 S - 3 scrolls of magic mapping
 V - 6 scrolls of immolation
 Z - 5 scrolls of blinking
Potions
 f - 10 potions of haste
 h - 20 potions of curing
 i - 7 potions of cancellation
 u - 6 potions of resistance
 x - 3 potions of cure mutation
 z - 11 potions of brilliance
 B - 2 potions of ambrosia
 F - 4 potions of flight
 K - 6 potions of restore abilities
 U - 3 potions of magic
 X - 5 potions of agility
Books
 o - a Necronomicon This book is beyond your current level of understanding.

   Spells                             Type                      Level
   a - Haunt                          Necromancy/Summoning         7
   b - Borgnjor's Revivification      Necromancy                   8
   c - Death's Door                   Charms/Necromancy            8
   d - Necromutation                  Transmutation/Necromancy     8
Miscellaneous
 T - a crystal ball of energy
Comestibles
 c - 22 bread rations
 k - 46 fruits
 C - 8 meat rations
 E - 15 royal jellies


   Skills:
 - Level 10.6 Fighting
 - Level 10.0 Staves
 - Level 14.4 Dodging
 - Level 10.0 Stealth
 - Level 15.0 Shields
 - Level 21.2 Spellcasting
 * Level 20.4 Conjurations
 - Level 9.0 Charms
 - Level 4.7 Summonings
 - Level 2.0 Necromancy
 - Level 3.5 Translocations
 - Level 20.1 Fire Magic
 + Level 4.8 Air Magic
 + Level 5.9 Earth Magic
 - Level 8.0 Invocations
 - Level 10.1 Evocations


You couldn't memorise any spells.
You knew the following spells:

 Your Spells              Type           Power        Failure   Level  Hunger
a - Bolt of Fire          Conj/Fire      #########.   1%          6    None
b - Regeneration          Chrm/Necr      #######...   1%          3    None
c - Fire Storm            Conj/Fire      #########.   21%         9    #####..
d - Spellforged Servitor  Conj/Summ      ########..   6%          7    None
e - Lehudib's Crystal Sp  Conj/Erth      ########..   28%         8    ####...
f - Glaciate              Conj/Ice       #######...   100%        9    #####..
g - Summon Butterflies    Summ           #######.     1%          1    None
h - Blink                 Tloc           N/A          1%          2    None
i - Apportation           Tloc           ######....   1%          1    None
k - Orb of Destruction    Conj           ########..   1%          7    None
l - Haste                 Chrm           #######.     4%          6    None
m - Deflect Missiles      Chrm/Air       #######...   10%         6    None


Dungeon Overview and Level Annotations

Branches:
Dungeon (15/15)            Temple (1/1) D:6            Lair (8/8) D:11
  Swamp (5/5) Lair:4        Snake (5/5) Lair:3        Slime (4/6) Lair:7
    Orc (4/4) D:9             Elf (3/3) Orc:3        Vaults (4/5) D:14
  Crypt (0/3) Vaults:2     Depths (4/5) D:15

Altars:
Ashenzari
Cheibriados
Dithmenos
Elyvilon
Fedhas
Gozag
Kikubaaqudgha
Makhleb
Nemelex Xobeh
Okawaru
Qazlal
Ru
Sif Muna
Trog
Vehumet
Xom
Yredelemnul
Zin
The Shining One
Beogh
Jiyva
Lugonu

Shops:
D:4 :   D:8 (   D:14 }   Orc:4 =![((   Elf:2 }*   Elf:3 *   Snake:5 [
Vaults:2 [   Vaults:4 ((!   Depths:1 *   Depths:2 :

Portals:
Hell: Depths:1 Depths:2 Depths:3 Depths:4
Abyss: Depths:2 Depths:3 Depths:4
Pandemonium: Depths:1 Depths:2 Depths:3
Ziggurat: Depths:3

Annotations:
Elf:2 runed door
Depths:4 runed door


Innate Abilities, Weirdness & Mutations

You have a pair of small antennae on your head.
You have a somewhat thin skeletal structure (Dex +2, Stealth).
You are agile. (Dex +2)


Message History

The acid blob hits you!
You are splashed with acid!
The acid corrodes your equipment!
The acid burns!
The wall burns your fire vortex! The eye of draining gazes at you.
You feel your power leaking away. The acid blob hits you!
You are splashed with acid!
The acid corrodes your equipment!
The acid burns!
You climb upwards.
There is a stone staircase leading down here.
You hit the eye of draining but do no damage.
You burn the eye of draining!
The eye of draining is heavily wounded.
The acid blob hits you!
* * * LOW HITPOINT WARNING * * *
You are splashed with acid!
The acid burns!
* * * LOW HITPOINT WARNING * * *
The eye of draining gazes at you.
You feel your power leaking away. The acid blob hits you!!!
You die...

### #########
###.#####.#..#..####
#....##............##
....................###
.............#..@...#.##
#.#......#.....J.......##
##.#....#......G>.......#
#.......#........<......#
#....................#..#
#................<.###....#
#...........#.#....# #....#
....#.............## ##.##
#..##...........#.# ##


You could see an acid blob and an eye of draining.

Vanquished Creatures
  An ancient lich (Vaults:4)
  the Lernaean hydra (Swamp:5)
  Norris (Vaults:1)
  2 bone dragons (Abyss:1)
  Vashnia (Snake:3)
  3 liches
  Asterion (Depths:2)
  3 deep elf master archers (Elf:3)
  4 deep elf blademasters
  4 acid blobs
  2 sphinxes
  2 tentacled starspawn (Abyss:1)
  4 storm dragons
  Rupert (Swamp:5)
  Agnes (Swamp:2)
  A shadow dragon (Vaults:3)
  6 thorn hunters
  The ghost of Herrn the Severer, a mighty GrFi of Okawaru (Elf:1)
  2 azure jellies (Depths:4)
  Donald (Vaults:4)
  Wiglaf (Vaults:1)
  3 fire giants
  Maud (Lair:3)
  A balrug (Depths:3)
  8 frost giants
  3 ghost moths (Depths:4)
  9 deep elf sorcerers
  Aizul (Snake:3)
  10 greater nagas
  2 orc warlords
  2 emperor scorpions (Depths:3)
  13 vault wardens
  2 angels (Depths:3)
  Jorgrun (Swamp:4)
  12 stone giants
  A war gargoyle (Vaults:3)
  8 very ugly things
  8 deep elf demonologists
  2 dire elephants (Depths:4)
  14 deep elf annihilators
  11 purple draconians (WizLab)
  9 deep elf death magi
  15 vault guards
  2 minotaurs
  A blizzard demon (Abyss:1)
  A quicksilver dragon zombie (Abyss:1)
  13 yaktaur captains
  9 ironheart preservers
  2 merfolk impalers (Depths:4)
  11 ogre magi
  Josephine (D:10)
  8 ettins
  3 jiangshi (Depths:2)
  A green death (Vaults:3)
  8 fire dragons
  2 deep elf high priests (Elf:3)
  3 great orbs of eyes
  4 ice dragons
  A rakshasa (Depths:1)
  Harold (Orc:4)
  22 naga warriors
  The ghost of Conn321 the Thaumaturge, a powerful SpVM of Vehumet (Lair:7)
  29 hydras
  2 spriggan air magi
  A merfolk aquamancer (Depths:4)
  9 statues (WizLab)
  12 anacondas
  6 deep troll earth magi
  15 dancing weapons (Elf:2)
  7 alligators
  9 centaur warriors
  2 tengu warriors (D:13)
  28 death yaks
  2 spriggan berserkers (Depths:1)
  4 deep troll shamans
  2 orc high priests
  2 vampire magi
  2 titan zombies
  A thrashing horror (Abyss:1)
  16 naga sharpshooters
  2 sun demons (Depths:3)
  6 shock serpents
  Nergalle (D:14)
  4 catoblepae (Lair:8)
  17 deep elf knights
  A titan skeleton (Depths:4)
  A wretched star (Abyss:1)
  5 iron trolls
  12 skeletal warriors
  3 shadow wraiths
  7 unseen horrors
  15 deep trolls
  10 sea snakes (Snake:4)
  2 giant orange brains
  6 salamander mystics
  A death drake (shapeshifter) (Vaults:4)
  3 spriggan druids (Swamp:5)
  2 starcursed masses (Abyss:1)
  A swamp dragon (shapeshifter) (Vaults:4)
  3 shambling mangroves
  A flayed ghost (Vaults:3)
  11 hill giants
  3 ice statues (IceCv)
  13 naga ritualists
  A golden dragon skeleton (Depths:4)
  15 deep elf summoners
  12 swamp dragons
  7 harpies
  15 deep elf conjurers
  11 mana vipers
  A tengu zombie (Vaults:3)
  A phantasmal warrior (D:15)
  29 orc knights
  The ghost of EdwardR the Shield-Bearer, an experienced LOFi of Okawaru (D:6)
  11 ironbrand convokers
  5 necromancers
  A tengu skeleton (Vaults:2)
  6 red wasps
  21 salamanders
  4 wizards
  An iron dragon zombie (Depths:4)
  6 griffons
  2 orb spiders (shapeshifter)
  5 shining eyes
  2 sixfirhies
  3 orc sorcerers
  2 shadow dragon skeletons
  A frost giant zombie (D:15)
  16 ugly things
  4 cyclopes
  A fire giant zombie (Depths:4)
  2 wolf spiders
  2 molten gargoyles (Lair:5)
  3 worldbinders (Abyss:1)
  3 stone giant skeletons (Vaults:2)
  A frost giant skeleton (Abyss:1)
  3 manticores
  A rust devil (Depths:4)
  9 elephants
  An elf zombie (D:15)
  6 guardian serpents
  A gargoyle (D:14)
  22 spiny frogs
  3 smoke demons (Abyss:1)
  A hellion (Abyss:1)
  A centaur skeleton (D:15)
  31 black mambas
  24 naga magi
  14 vault sentinels
  2 orange demons
  A yaktaur zombie (Vaults:3)
  3 komodo dragons
  A kobold demonologist (Vaults:1)
  48 yaktaurs
  A spiny frog (shapeshifter) (Depths:2)
  3 fire drakes
  8 trolls
  A queen bee (Lair:8)
  An efreet (Abyss:1)
  A harpy zombie (D:15)
  A tengu conjurer (D:14)
  3 yaktaur skeletons (Vaults:2)
  9 freezing wraiths
  7 giant leeches
  2 fire vortices
  A merfolk (D:11)
  12 deep elf priests
  Sonja (Orc:4)
  2 jumping spiders (shapeshifter)
  Grinder (D:4)
  A two-headed ogre (shapeshifter) (Vaults:4)
  17 two-headed ogres
  2 polar bears
  17 bog bodies
  A baby alligator (shapeshifter) (Vaults:3)
  89 slime creatures
  A trapdoor spider zombie (D:10)
  An ancient zyme (Abyss:1)
  16 ravens
  10 blink frogs
  2 fire giant simulacra
  2 ettin zombies
  2 human simulacra
  2 boulder beetles
  4 flying skulls (Abyss:1)
  A raiju (shapeshifter) (Depths:2)
  3 air elementals (Depths:3)
  A water elemental (Depths:4)
  7 baby alligators
  3 basilisks
  40 deep elf magi
  12 spriggans
  4 wraiths
  5 redbacks
  3 chaos spawn
  2 golden eyes (shapeshifter)
  A human (shapeshifter) (Depths:3)
  3 wyverns
  3 hungry ghosts
  64 yaks
  3 trapdoor spiders
  A tarantella (shapeshifter) (Vaults:4)
  A shadow (D:11)
  An ettin skeleton (Vaults:3)
  4 tarantellas
  A human (D:11)
  6 wargs
  49 deep elf fighters
  62 nagas
  12 hippogriffs
  2 vampires
  14 wolves
  2 neqoxecs (Abyss:1)
  32 swamp worms
  46 vampire mosquitoes
  A deep troll zombie (Vaults:3)
  44 water moccasins
  9 insubstantial wisps
  2 mottled dragons
  A soldier ant (D:10)
  4 black bears
  68 orc warriors
  14 swamp drakes
  A swamp drake (shapeshifter) (Vaults:2)
  A catoblepas simulacrum (Abyss:1)
  12 ice beasts
  9 porcupines
  12 large abominations
  2 eyes of draining
  3 phantoms
  28 centaurs
  44 ogres
  4 sky beasts
  12 crocodiles
  A necrophage (D:10)
  7 boggarts
  A yellow wasp (shapeshifter) (Vaults:3)
  5 yellow wasps
  Sigmund (D:5)
  Duvessa (D:8)
  A boring beetle (Lair:8)
  Blork the orc (D:5)
  23 giant frogs
  A gnoll sergeant (D:9)
  2 big kobolds
  6 human skeletons
  A water moccasin skeleton (D:9)
  A wyvern skeleton (D:10)
  8 scorpions
  11 small abominations
  5 electric eels
  3 goliath beetles
  5 lava snakes (Lair:5)
  9 wights
  Dowan (D:8)
  5 crimson imps
  28 killer bees
  A quasit (Abyss:1)
  18 orc priests
  3 human zombies (Ossuary)
  2 giant frog skeletons
  2 centaur zombies
  10 hounds
  Crazy Yiuf (D:3)
  A giant frog zombie (D:8)
  A yellow wasp zombie (D:10)
  A gnoll shaman (D:6)
  3 iron imps
  14 jellies
  11 worker ants
  27 orc wizards
  6 iguanas
  4 orange rats
  A boulder beetle simulacrum (Vaults:2)
  A killer bee zombie (D:9)
  34 sheep
  A centaur simulacrum (D:10)
  A hound skeleton (D:10)
  3 mummies
  21 adders
  13 gnolls
  49 river rats
  5 shadow imps
  A white imp (Abyss:1)
  6 giant mites
  A worker ant simulacrum (D:10)
  3 worms (D:2)
  3 adder zombies
  4 giant geckos
  An ooze (D:4)
  204 orcs
  13 giant cockroaches
  30 hobgoblins
  15 quokkas
  6 ball pythons
  18 bats
  11 giant newts
  A giant spore (D:13)
  A gnoll zombie (D:6)
  21 goblins
  2 goblin zombies (Ossuary)
  7 hobgoblin zombies (Ossuary)
  10 jackals
  22 kobolds
  12 kobold zombies (Ossuary)
  9 orc zombies (Ossuary)
  11 rats
  2 rat zombies (Ossuary)
  A ballistomycete (D:13)
  3 briar patches (Depths:4)
  24 bushes
  5 butterflies
  12 fungi
  11 plants
  A starspawn tentacle (Abyss:1)
2631 creatures vanquished.

Vanquished Creatures (collateral kills)
  Saint Roka (Depths:1)
  A titan (Depths:4)
  A deep elf master archer (Elf:3)
  2 ironheart preservers
  A yaktaur captain (Depths:2)
  2 death yaks
  2 orc knights
  A hill giant (Depths:1)
  A sphinx skeleton (Depths:4)
  A vault sentinel (Vaults:4)
  A fire vortex (Depths:1)
  A vampire mosquito (Vaults:2)
  An orc warrior (Depths:1)
  An ogre (Vaults:4)
  A centaur (Vaults:2)
  A human simulacrum (Vaults:2)
  An orange rat (Depths:4)
  An orc (Depths:1)
  A hobgoblin (Depths:4)
  A kobold (Depths:4)
23 creatures vanquished.

Vanquished Creatures (others)
  2 ball lightnings (Depths:4)
  2 wizards
  131 fire vortices
  A lost soul (Elf:3)
  An orc (Orc:2)
  A giant spore (Abyss:1)
  15 butterflies
  3 fungi
  A plant (D:15)
  3 starspawn tentacles (Abyss:1)
  4 toadstools (Swamp:3)
164 creatures vanquished.

Grand Total: 2818 creatures vanquished

Notes
Turn   | Place    | Note
--------------------------------------------------------------
     0 | D:1      | Crauler, the Deep Elf Fire Elementalist, began the quest for the Orb.
     0 | D:1      | Reached XP level 1. HP: 10/10 MP: 5/5
   267 | D:1      | Reached XP level 2. HP: 10/15 MP: 1/8
   579 | D:1      | Learned a level 2 spell: Throw Flame
   969 | D:2      | Reached skill level 4 in Fire Magic
   969 | D:2      | Reached XP level 3. HP: 19/19 MP: 4/11
  1013 | D:2      | Found a sacrificial altar of Ru.
  1066 | D:2      | Learned a level 3 spell: Conjure Flame
  1916 | D:3      | Reached XP level 4. HP: 24/24 MP: 11/13
  2034 | D:3      | Found a glowing golden altar of the Shining One.
  2198 | D:3      | Noticed a sky beast
  2214 | D:3      | Killed a sky beast
  2214 | D:3      | Reached skill level 1 in Fighting
  2214 | D:3      | Reached XP level 5. HP: 27/29 MP: 3/17
  2420 | D:2      | Learned a level 4 spell: Sticky Flame
  2801 | D:3      | Noticed Crazy Yiuf
  2812 | D:3      | Killed Crazy Yiuf
  3189 | D:4      | Reached XP level 6. HP: 34/34 MP: 14/20
  3190 | D:4      | Upgraded the game from 0.16-a0-2898-gc475c69 to 0.16-a0-2934-g71f8417
  3215 | D:4      | Noticed an ogre
  3223 | D:4      | Killed an ogre
  3223 | D:4      | Reached skill level 5 in Fire Magic
  3704 | D:4      | Noticed Grinder
  3751 | D:4      | Noticed an ogre
  3763 | D:4      | Killed an ogre
  3763 | D:4      | Reached skill level 5 in Spellcasting
  3763 | D:4      | Reached XP level 7. HP: 39/39 MP: 16/22
  3810 | D:4      | Learned a level 5 spell: Fireball
  3831 | D:4      | Found Yfah's Book Shop.
  4496 | D:4      | Reached skill level 5 in Conjurations
  4539 | D:4      | Reached skill level 6 in Fire Magic
  4602 | D:4      | Noticed an ogre
  4727 | D:4      | Killed an ogre
  4727 | D:4      | Reached XP level 8. HP: 45/45 MP: 16/24
  4840 | D:4      | Reached skill level 5 in Dodging
  5069 | D:4      | Killed Grinder
  5105 | D:5      | Entered Level 5 of the Dungeon
  5105 | D:5      | Found a glowing drain.
  5105 | D:5      | Noticed Blork the orc
  5113 | D:4      | Reached skill level 7 in Fire Magic
  5170 | D:5      | Killed Blork the orc
  5186 | Sewer    | Entered a sewer
  5431 | Sewer    | Gained mutation: You have a somewhat thin skeletal structure (Dex +2, Stealth). [potion of beneficial mutation]
  5438 | Sewer    | Gained mutation: You are agile. (Dex +2) [potion of beneficial mutation]
  5586 | D:5      | Noticed Sigmund
  5593 | D:5      | Killed Sigmund
  5615 | D:5      | Found a sand-covered staircase.
  5628 | Ossuary  | Entered an ossuary
  5952 | Ossuary  | Reached XP level 9. HP: 49/51 MP: 1/27
  6665 | D:6      | Noticed EdwardR's ghost (experienced LOFi)
  6681 | D:6      | Killed EdwardR's ghost
  6681 | D:6      | Reached skill level 8 in Fire Magic
  6729 | D:6      | Found a blossoming altar of Fedhas.
  7318 | D:6      | Found Pumi's Distillery.
  7435 | D:6      | Found a staircase to the Ecumenical Temple.
  7465 | Temple   | Entered the Ecumenical Temple
  7533 | Temple   | Became a worshipper of Sif Muna the Loreminder
  7986 | D:7      | Found a shimmering altar of Xom.
  8197 | D:7      | Found a sparkling altar of Nemelex Xobeh.
  8197 | D:7      | Found a basalt altar of Yredelemnul.
  8197 | D:7      | Found a stormy altar of Qazlal.
  8207 | D:7      | Found a shadowy altar of Dithmenos.
  8509 | D:7      | Reached skill level 9 in Fire Magic
  8598 | D:7      | Reached XP level 10. HP: 56/56 MP: 21/29
  8760 | D:7      | Found a shimmering altar of Xom.
  8761 | D:7      | Found a shimmering altar of Xom.
  8761 | D:7      | Found a shimmering altar of Xom.
  8797 | D:7      | Found a shimmering altar of Xom.
  9609 | D:8      | Noticed Duvessa
  9611 | D:8      | Killed Duvessa
  9620 | D:8      | Noticed Dowan
  9620 | D:8      | Killed Dowan
  9663 | D:8      | Acquired Sif Muna's first power
 10135 | D:8      | Found Twoec's Antique Weapon Shoppe.
 10424 | D:9      | Found a staircase to the Orcish Mines.
 10981 | D:10     | Entered Level 10 of the Dungeon
 11067 | D:10     | Noticed a hill giant
 11094 | D:10     | Killed a hill giant
 11094 | D:10     | Acquired Sif Muna's second power
 11201 | D:10     | Noticed a hill giant
 11238 | D:10     | Noticed a centaur warrior
 11246 | D:10     | Killed a centaur warrior
 11246 | D:10     | Reached skill level 10 in Conjurations
 11246 | D:10     | Reached skill level 10 in Fire Magic
 11247 | D:10     | Noticed Josephine
 11249 | D:10     | Killed Josephine
 11272 | D:10     | Reached skill level 5 in Fighting
 11272 | D:10     | Reached XP level 11. HP: 42/63 MP: 1/31
 11377 | D:10     | Killed a hill giant
 11551 | D:10     | Reached skill level 1 in Invocations
 11598 | D:10     | Noticed a hill giant
 11600 | D:10     | Killed a hill giant
 11934 | D:10     | Noticed a hill giant
 11936 | D:10     | Killed a hill giant
 12070 | D:10     | Noticed a hill giant
 12072 | D:10     | Killed a hill giant
 12072 | D:10     | Reached skill level 5 in Stealth
 12157 | D:11     | Noticed a seven-headed hydra
 12161 | D:11     | Killed a seven-headed hydra
 12169 | D:11     | Noticed a death yak
 12197 | D:11     | Noticed an unseen horror
 12204 | D:11     | Killed an unseen horror
 12408 | D:11     | Found a labyrinth entrance.
 12419 | Lab      | Entered a labyrinth
 12503 | Lab      | Noticed a minotaur
 12510 | Lab      | Killed a minotaur
 12629 | Lab      | Identified the Tome of the Entourage
 12629 | Lab      | Got a fine ivory ring
 12637 | Lab      | Identified the ring of Xeish {+Blink +Fly rElec Dex+3} (You found it in a labyrinth)
 12646 | D:11     | Identified a +4 rod of inaccuracy (12/12) (You found it in a labyrinth)
 12647 | D:11     | Identified a +7 rod of clouds (12/12) (You took it off a minotaur in a labyrinth)
 12798 | D:11     | Learned a level 5 spell: Bolt of Magma
 12856 | D:11     | Learned a level 1 spell: Summon Butterflies
 12859 | D:11     | Learned a level 2 spell: Blink
 12861 | D:11     | Learned a level 1 spell: Apportation
 12919 | D:11     | Reached skill level 1 in Earth Magic
 12919 | D:11     | Reached skill level 1 in Evocations
 12949 | D:11     | Found a staircase to the Lair.
 12976 | D:11     | Killed a death yak
 13557 | D:12     | Noticed an unseen horror
 13561 | D:12     | Killed an unseen horror
 13652 | D:12     | Noticed a hill giant
 13665 | D:12     | Killed a hill giant
 13665 | D:12     | Reached XP level 12. HP: 68/68 MP: 20/32
 13683 | D:12     | Noticed an unseen horror
 13691 | D:12     | Killed an unseen horror
 13691 | D:12     | Acquired Sif Muna's third power
 13777 | D:12     | Reached skill level 5 in Earth Magic
 13861 | D:12     | Reached skill level 1 in Translocations
 13988 | D:12     | Noticed an unseen horror
 14002 | D:12     | Killed an unseen horror
 14116 | D:12     | Identified a scroll of acquirement
 14118 | D:12     | Identified a +3 rod of shadows (10/10) (You acquired it on level 12 of the Dungeon)
 14168 | D:12     | Upgraded the game from 0.16-a0-2934-g71f8417 to 0.16-a0-2944-g6f1bef2
 14190 | D:13     | Noticed a centaur warrior
 14225 | D:13     | Killed a centaur warrior
 14225 | D:13     | Reached skill level 11 in Fire Magic
 14386 | D:13     | Reached skill level 10 in Spellcasting
 14715 | D:13     | Found a bloodstained altar of Trog.
 14955 | Lair:1   | Entered Level 1 of the Lair of Beasts
 16041 | D:14     | Noticed a centaur warrior
 16301 | D:14     | Noticed a centaur warrior
 16335 | D:14     | Reached XP level 13. HP: 74/74 MP: 22/34
 16387 | D:14     | Reached skill level 12 in Conjurations
 16390 | D:14     | Killed a centaur warrior
 16538 | D:14     | Killed a centaur warrior
 16566 | D:14     | Found Plog's Gadget Shop.
 16568 | D:14     | Noticed Nergalle
 16571 | D:14     | Killed Nergalle
 16671 | D:14     | Noticed a vault guard
 16707 | D:14     | Killed a vault guard
 16737 | D:14     | Reached skill level 10 in Dodging
 16739 | D:14     | Noticed a vault guard
 16741 | D:14     | Killed a vault guard
 16754 | D:14     | Received a gift from Sif Muna
 16755 | D:14     | Identified Rehim's Volume of Fiery Conjuration (Sif Muna gifted it to you on level 14 of the Dungeon)
 16788 | D:14     | Learned a level 7 spell: Delayed Fireball
 16807 | D:14     | Noticed a vault guard
 16811 | D:14     | Killed a vault guard
 16813 | D:14     | Found a gate to the Vaults.
 16829 | D:14     | Noticed a vault guard
 16841 | D:14     | Killed a vault guard
 17204 | D:15     | Entered Level 15 of the Dungeon
 17206 | D:15     | Reached skill level 13 in Conjurations
 17707 | D:15     | Found a frozen archway.
 17713 | IceCv    | Entered an ice cave
 18174 | D:15     | Found a staircase to the Depths.
 18186 | D:15     | Reached XP level 14. HP: 80/82 MP: 11/36
 18496 | D:15     | Received a gift from Sif Muna
 18499 | D:15     | Identified Sif Muna's Incunabulum of Attacks (Sif Muna gifted it to you on level 15 of the Dungeon)
 18603 | D:15     | Found a basalt altar of Yredelemnul.
 18615 | D:15     | Found a portal to a secret trove of treasure.
 19551 | Lair:1   | Learned a level 6 spell: Bolt of Fire
 19566 | Lair:1   | Learned a level 7 spell: Orb of Destruction
 20167 | Lair:2   | Found an ancient bone altar of Kikubaaqudgha.
 20605 | Lair:3   | Noticed Maud
 20616 | Lair:3   | Killed Maud
 20684 | Lair:3   | Reached skill level 14 in Conjurations
 20843 | Lair:3   | Found a staircase to the Snake Pit.
 21356 | Lair:4   | Reached skill level 5 in Invocations
 22160 | Lair:4   | Found a staircase to the Swamp.
 24409 | Lair:7   | Noticed Conn321's ghost (powerful SpVM)
 24429 | Lair:7   | Killed Conn321's ghost
 24429 | Lair:7   | Reached XP level 15. HP: 88/88 MP: 15/37
 24455 | Lair:7   | Found a viscous altar of Jiyva.
 24593 | Lair:7   | Found a staircase to the Slime Pits.
 25167 | Lair:8   | Entered Level 8 of the Lair of Beasts
 25403 | Lair:8   | Reached skill level 10 in Stealth
 25905 | Lair:8   | Received a gift from Sif Muna
 25906 | Lair:8   | Identified Sif Muna's Collected Works on Confrontation (Sif Muna gifted it to you on level 8 of the Lair of Beasts)
 25945 | Lair:8   | Got a warped scale mail
 25958 | Lair:8   | Identified the +2 scale mail of the Eleven Lies {+Fly rPois} (You found it on level 8 of the Lair of Beasts)
 25966 | Lair:8   | Got a twisted scale mail
 25972 | Lair:8   | Identified the +1 scale mail "Xig Giph" {Str+3 Dex-4} (You found it on level 8 of the Lair of Beasts)
 27675 | Orc:1    | Entered Level 1 of the Orcish Mines
 28143 | Orc:3    | Found a staircase to the Elven Halls.
 28237 | Orc:3    | Found a roughly hewn altar of Beogh.
 28461 | Orc:2    | Reached skill level 1 in Staves
 29027 | Orc:1    | Reached skill level 1 in Shields
 29306 | Orc:4    | Entered Level 4 of the Orcish Mines
 29406 | Orc:4    | Found Cuicann's Jewellery Shop.
 29921 | Orc:4    | Noticed Harold
 29921 | Orc:4    | Killed Harold
 29922 | Orc:4    | Noticed Sonja
 29923 | Orc:4    | Killed Sonja
 29978 | Orc:4    | Reached skill level 5 in Staves
 30013 | Orc:4    | Found Ocanatt's Weapon Boutique.
 30013 | Orc:4    | Found Jing's Armour Shoppe.
 30016 | Orc:4    | Found Celid's Distillery.
 30018 | Orc:4    | Found Bistru's Antique Weapon Shop.
 30025 | Orc:4    | Bought a potion of heal wounds for 75 gold pieces
 30025 | Orc:4    | Bought a potion of heal wounds for 75 gold pieces
 30025 | Orc:4    | Bought a potion of haste for 150 gold pieces
 30025 | Orc:4    | Bought a potion of curing for 45 gold pieces
 30238 | D:9      | Upgraded the game from 0.16-a0-2944-g6f1bef2 to 0.16-a0-2970-ge3807df
 30293 | Lair:1   | Learned a level 5 spell: Bolt of Magma
 30388 | Swamp:1  | Entered Level 1 of the Swamp
 30393 | Swamp:1  | Reached XP level 16. HP: 94/94 MP: 23/38
 30992 | Swamp:1  | Got a pair of ichor-stained gloves
 31003 | Swamp:1  | Identified the +3 pair of gloves of Ghoyqoh {+Rage rPois MR+ Slay-1} (You acquired it on level 1 of the Swamp)
 31027 | Swamp:1  | Reached skill level 15 in Fire Magic
 31627 | Swamp:2  | Reached skill level 15 in Conjurations
 31643 | Swamp:2  | Noticed Agnes
 31893 | Swamp:2  | Received a gift from Sif Muna
 32402 | Swamp:2  | Killed Agnes
 33717 | Swamp:4  | Reached skill level 16 in Fire Magic
 33874 | Swamp:4  | Noticed Jorgrun
 33878 | Swamp:4  | Killed Jorgrun
 34542 | Swamp:5  | Entered Level 5 of the Swamp
 34610 | Swamp:5  | Received a gift from Sif Muna
 34611 | Swamp:5  | Identified Sif Muna's Grimoire of Blows and Bruises (Sif Muna gifted it to you on level 5 of the Swamp)
 34968 | Swamp:5  | Reached XP level 17. HP: 99/99 MP: 28/40
 35009 | Swamp:5  | Noticed the 27-headed Lernaean hydra
 35642 | Swamp:5  | Noticed Rupert
 35681 | Swamp:5  | Killed Rupert
 36249 | Swamp:5  | Killed the 27-headed Lernaean hydra
 36249 | Swamp:5  | Received a gift from Sif Muna
 36249 | Swamp:5  | Reached skill level 17 in Conjurations
 36252 | Swamp:5  | Identified Sif Muna's Handbook of Confrontation (Sif Muna gifted it to you on level 5 of the Swamp)
 36275 | Swamp:5  | Got a decaying rune of Zot
 36477 | Swamp:5  | Reached skill level 15 in Spellcasting
 37071 | Snake:1  | Entered Level 1 of the Snake Pit
 37469 | Lair:1   | Learned a level 3 spell: Regeneration
 39278 | Snake:3  | Noticed Aizul
 39283 | Snake:3  | Got a silken robe
 39295 | Snake:3  | Identified the cursed +0 robe of Ru's Scorn {rC+ MR++ Int-1 Slay+3} (You found it on level 3 of the Snake Pit)
 39309 | Snake:3  | Killed Aizul
 39406 | Snake:3  | Noticed Vashnia
 39635 | Snake:3  | Received a gift from Sif Muna
 39684 | Snake:3  | Identified Sif Muna's Catalogue of Battle Magic (Sif Muna gifted it to you on level 3 of the Snake Pit)
 40491 | Snake:3  | Reached skill level 18 in Conjurations
 40926 | Lair:1   | Learned a level 9 spell: Fire Storm
 41137 | Snake:3  | Reached XP level 18. HP: 104/104 MP: 35/41
 42582 | Snake:4  | Received a gift from Sif Muna
 43639 | D:6      | Bought a potion of heal wounds for 70 gold pieces
 43639 | D:6      | Bought a potion of curing for 42 gold pieces
 43639 | D:6      | Bought a potion of beneficial mutation for 490 gold pieces
 43639 | D:6      | Bought a potion of cancellation for 112 gold pieces
 43639 | D:6      | Bought a potion of haste for 140 gold pieces
 43639 | D:6      | Bought a potion of curing for 42 gold pieces
 43639 | D:6      | Gained mutation: You have a pair of small antennae on your head. [potion of beneficial mutation]
 44092 | D:15     | You paid a toll of 10 potions of heal wounds to enter a treasure trove
 44093 | Trove    | Entered a treasure trove
 44099 | Trove    | Got a twisted leather armour
 44110 | Trove    | Identified the cursed +3 leather armour of Nolo {Int-2 Dex+2} (You found it in a treasure trove)
 44121 | Trove    | Got a scorched swamp dragon armour
 44137 | Trove    | Identified the +0 swamp dragon armour of the King {rPois Str+5 Int+3} (You found it in a treasure trove)
 44604 | Snake:5  | Entered Level 5 of the Snake Pit
 45152 | Snake:4  | Reached skill level 19 in Fire Magic
 45466 | Snake:5  | Received a gift from Sif Muna
 45467 | Snake:5  | Identified Ghuovium's Handbook of Torrid Combat Magic (Sif Muna gifted it to you on level 5 of the Snake Pit)
 45777 | Snake:5  | Got a serpentine rune of Zot
 46042 | Snake:5  | Reached XP level 19. HP: 100/108 MP: 2/42
 46294 | Snake:5  | Found Ugarchus' Armour Emporium.
 47085 | Snake:3  | Killed Vashnia
 47355 | Elf:1    | Entered Level 1 of the Elven Halls
 47440 | Elf:1    | Noticed Herrn's ghost (mighty GrFi)
 47446 | Elf:1    | Killed Herrn's ghost
 47594 | Elf:1    | Received a gift from Sif Muna
 47595 | Elf:1    | Identified Iskenderun's Catalogue of Noxious Combat Magic (Sif Muna gifted it to you on level 1 of the Elven Halls)
 47739 | Elf:1    | Identified the Volume of the Entourage
 48315 | Elf:2    | Found Khamuisirgh's Gadget Boutique.
 48362 | Elf:2    | Reached skill level 20 in Fire Magic
 48414 | Elf:2    | Found Betavy's Elven Fire.
 48714 | Elf:2    | Found a huge runed gate.
 48714 | Elf:2    | Found a huge runed gate.
 48714 | Elf:2    | Found a huge runed gate.
 48729 | Elf:2    | Reached skill level 1 in Charms
 48730 | Elf:2    | Found a huge runed gate.
 48731 | Elf:2    | Found a huge runed gate.
 48982 | Elf:2    | Upgraded the game from 0.16-a0-2970-ge3807df to 0.16-a0-3003-ga5c7ff4
 49094 | Elf:2    | Reached skill level 1 in Necromancy
 49710 | Elf:3    | Entered Level 3 of the Elven Halls
 49805 | Elf:3    | Reached skill level 5 in Charms
 49903 | Elf:3    | Found Cieciaga's General Store.
 50586 | Elf:3    | Reached XP level 20. HP: 112/115 MP: 1/43
 51053 | Elf:3    | Got a citrine-encrusted leather armour
 51552 | Elf:3    | Got a steaming scale mail
 51630 | Elf:3    | Got an encrusted hand axe
 51701 | Elf:3    | Identified the +1 leather armour "Forget-Me-Not" {+Blink rN+ Slay+2 SInv} (You took it off a deep elf sorcerer on level 3 of the Elven Halls)
 51708 | Elf:3    | Identified the cursed +3 hand axe of the Clouds {drain, +Blink rC-} (You took it off a deep elf fighter on level 3 of the Elven Halls)
 51716 | Elf:3    | Identified the +5 scale mail of Ageodu {rF+ rC+ Dex-3} (You took it off a deep elf blademaster on level 3 of the Elven Halls)
 51726 | Elf:3    | Identified the Papyrus of Supportive Transformation
 51733 | Elf:3    | Identified Joaf Umor's Guide on Boosting Malediction
 51754 | Elf:3    | Identified the Disquisition on the Entourage (You found it on level 3 of the Elven Halls)
 51784 | Elf:3    | Got a bloodstained battleaxe
 51785 | Elf:3    | Identified the +11 battleaxe of Thruaxk Twua {flame, rPois rC+ MR+ SInv} (You took it off a deep elf annihilator on level 3 of the Elven Halls)
 52103 | Lair:1   | Learned a level 6 spell: Haste
 52110 | Lair:1   | Learned a level 6 spell: Deflect Missiles
 52371 | Vaults:1 | Entered Level 1 of the Vaults
 52380 | Vaults:1 | Found a magical portal.
 52385 | WizLab   | Entered Iskenderun's Mystic Tower
 52425 | WizLab   | Reached skill level 1 in Summonings
 52432 | WizLab   | Reached skill level 1 in Air Magic
 52789 | WizLab   | Received a gift from Sif Muna
 52790 | WizLab   | Identified Iskenderun's Grimoire of Attacks and the Volcanoes (Sif Muna gifted it to you in a wizard's laboratory)
 53604 | WizLab   | Identified Iskenderun's Reference Book on Arcane Weapons
 53604 | WizLab   | Identified Iskenderun's Reference Book on Conjuration and the Blaze
 53674 | WizLab   | Identified The Second Course in Spellweaving
 54135 | Vaults:1 | Noticed Wiglaf
 54141 | Vaults:1 | Killed Wiglaf
 54500 | Vaults:1 | Noticed Norris
 54524 | Vaults:1 | Killed Norris
 55383 | Vaults:2 | Reached skill level 10 in Fighting
 55415 | Vaults:2 | Reached XP level 21. HP: 103/122 MP: 8/44
 56830 | Vaults:2 | Found a staircase to the Crypt.
 56982 | Vaults:2 | Found Revviaq Hoob's Armour Boutique.
 56992 | Vaults:2 | Bought a +2 cloak of invisibility for 258 gold pieces
 57041 | Vaults:3 | Reached skill level 5 in Evocations
 57214 | Vaults:3 | Cast into the Abyss (a deep elf demonologist)
 57214 | Abyss:1  | Found a corrupted altar of Lugonu.
 57216 | Abyss:1  | Got a heavily runed scale mail
 57571 | Abyss:1  | Found a shimmering altar of Xom.
 57710 | Abyss:1  | Found a blossoming altar of Fedhas.
 58134 | Abyss:1  | Reached skill level 10 in Evocations
 58406 | Vaults:3 | Escaped the Abyss
 58437 | Vaults:3 | Identified the +2 scale mail "Loorghouxt" {Slay+6} (You found it on level 1 of the Abyss)
 58458 | Vaults:3 | Got a crude shield
 58464 | Vaults:3 | Identified the +3 shield "Kopnub" {MR++ Curse} (You acquired it on level 3 of the Vaults)
 58578 | Vaults:3 | Reached skill level 10 in Staves
 59188 | Vaults:3 | Reached skill level 5 in Shields
 59997 | Vaults:4 | Reached XP level 22. HP: 128/128 MP: 35/45
 60150 | Vaults:4 | Noticed an ancient lich
 60156 | Vaults:4 | Killed an ancient lich
 60250 | Vaults:4 | Found Brorir's Distillery.
 60250 | Vaults:4 | Found Gaastyk's Antique Weapon Emporium.
 60254 | Vaults:4 | Bought a potion of lignification for 39 gold pieces
 60257 | Vaults:4 | Bought a potion of curing for 39 gold pieces
 60257 | Vaults:4 | Bought a potion of brilliance for 52 gold pieces
 60257 | Vaults:4 | Bought a potion of brilliance for 52 gold pieces
 60257 | Vaults:4 | Bought a potion of haste for 130 gold pieces
 60288 | Vaults:4 | Bought a steaming halberd for 297 gold pieces
 60295 | Vaults:4 | Found Vuxkef's Antique Weapon Emporium.
 60652 | Vaults:4 | Reached skill level 10 in Shields
 61285 | Vaults:4 | Noticed Donald
 61287 | Vaults:4 | Killed Donald
 61290 | Vaults:4 | Received a gift from Sif Muna
 61367 | Vaults:4 | Identified Sif Muna's Almanac of Torrid Attacks (Sif Muna gifted it to you on level 4 of the Vaults)
 61403 | Vaults:4 | Learned a level 6 spell: Bolt of Cold
 62376 | Lair:1   | Learned a level 7 spell: Spellforged Servitor
 62644 | D:4      | Bought a Necronomicon for 1545 gold pieces
 62997 | Depths:1 | Entered Level 1 of the Depths
 63264 | Depths:1 | Found Klueff's Blood Bar.
 63351 | Depths:1 | Found a snail-covered altar of Cheibriados.
 63389 | Depths:1 | Noticed Saint Roka
 63397 | Depths:1 | Killed Saint Roka
 63505 | Depths:1 | Found a one-way gate leading to the halls of Pandemonium.
 63630 | Depths:1 | Found a gateway to Hell.
 63924 | Depths:2 | Noticed Asterion
 63993 | Depths:2 | Found a corrupted altar of Lugonu.
 63996 | Depths:2 | Found a one-way gate to the infinite horrors of the Abyss.
 64127 | Depths:2 | Found Gaucao's One-of-a-Kind Books.
 64167 | Depths:2 | Reached XP level 23. HP: 127/133 MP: 23/46
 64276 | Depths:2 | Killed Asterion
 65038 | Depths:3 | Found a gateway to a ziggurat.
 65247 | Depths:3 | Found an iron altar of Okawaru.
 65517 | Depths:3 | Got a twisted hand axe
 65518 | Depths:3 | Identified the +8 hand axe of Xesearinn {freeze, rElec Stlth--} (You found it on level 3 of the Depths)
 65547 | Depths:3 | Got a pair of distressingly furry boots
 65558 | Depths:3 | Identified the +4 pair of boots "Xostriw" {rF+ Stlth+} (You found it on level 3 of the Depths)
 65606 | Depths:3 | Got an ancient robe
 65618 | Depths:3 | Identified the +0 robe of a treasure trove {rC+ rN+ Str+1 Int+2} (You took it off a yaktaur captain on level 3 of the Depths)
 66007 | Depths:3 | Received a gift from Sif Muna
 66250 | Depths:4 | Found a large runed door.
 66251 | Depths:4 | Found a large runed door.
 66351 | Depths:4 | Reached skill level 21 in Spellcasting
 66493 | Depths:4 | Got a transparent turquoise ring
 66496 | Depths:4 | Got a crystal mace
 66498 | Depths:4 | Identified the +5 mace of the Heart {venom, Noisy +Blink} (You took it off a goblin on level 4 of the Depths)
 66520 | Depths:4 | Identified the ring of Sunlight {Str+5 Dex+1} (You took it off a goblin on level 4 of the Depths)
 66996 | Depths:4 | Reached XP level 24. HP: 122/139 MP: 47/47
 67481 | Depths:4 | Got an ancient scimitar
 67482 | Depths:4 | Identified the +4 scimitar "Zoesas" {vamp, rPois Stlth++} (You took it off an iron imp on level 4 of the Depths)
 67879 | Lair:1   | Learned a level 8 spell: Lehudib's Crystal Spear
 67890 | Lair:1   | Learned a level 9 spell: Glaciate
 68138 | Slime:1  | Entered Level 1 of the Pits of Slime
 68147 | Slime:1  | Reached skill level 15 in Shields
 69360 | Slime:3  | Mangled by an acid blob

Action                   |  1- 3 |  4- 6 |  7- 9 | 10-12 | 13-15 | 16-18 | 19-21 | 22-24 || total
-------------------------+-------+-------+-------+-------+-------+-------+-------+-------++-------
Melee: Whip              |     8 |       |       |       |       |       |       |       ||     8
       Dagger            |     6 |     7 |    16 |       |       |       |       |       ||    29
       Scythe            |       |       |    21 |    28 |    22 |       |       |       ||    71
       Quarterstaff      |       |       |    10 |     2 |    26 |       |       |       ||    38
       Staff             |       |       |       |       |    85 |   364 |   472 |   373 ||  1294
 Cast: Flame Tongue      |    73 |    93 |   309 |   199 |   103 |       |       |       ||   777
       Throw Flame       |     3 |     6 |    33 |    48 |   123 |    42 |     7 |       ||   262
       Conjure Flame     |     1 |     7 |    12 |     5 |     8 |     3 |       |       ||    36
       Sticky Flame      |       |     3 |    19 |    55 |    68 |    56 |    11 |       ||   212
       Fireball          |       |       |    10 |   116 |   401 |   279 |   105 |     3 ||   914
       Bolt of Magma     |       |       |       |    10 |    12 |    47 |    16 |       ||    85
       Delayed Fireball  |       |       |       |       |    17 |    14 |     5 |     1 ||    37
       Blink             |       |       |       |       |     1 |     5 |     5 |       ||    11
       Bolt of Fire      |       |       |       |       |    28 |   163 |   292 |   200 ||   683
       Orb of Destructio |       |       |       |       |    18 |    65 |    80 |    37 ||   200
       Summon Butterflie |       |       |       |       |     1 |     3 |    13 |     1 ||    18
       Fire Storm        |       |       |       |       |       |     7 |    38 |    66 ||   111
       Deflect Missiles  |       |       |       |       |       |       |     3 |     1 ||     4
       Haste             |       |       |       |       |       |       |     4 |     5 ||     9
       Regeneration      |       |       |       |       |       |       |     9 |     7 ||    16
       Apportation       |       |       |       |       |       |       |     7 |       ||     7
       Bolt of Cold      |       |       |       |       |       |       |       |     3 ||     3
       Spellforged Servi |       |       |       |       |       |       |       |     2 ||     2
Invok: Channel Energy    |       |       |       |   218 |   784 |   761 |   615 |   502 ||  2880
       Forget Spell      |       |       |       |       |     1 |     2 |     1 |     5 ||     9
 Abil: Release Delayed F |       |       |       |       |    16 |    14 |     5 |     1 ||    36
       Evoke Flight      |       |       |       |       |     4 |     1 |       |       ||     5
       Stop Flying       |       |       |       |       |     2 |       |       |       ||     2
Evoke: Wand              |       |       |     9 |       |       |     2 |     1 |     2 ||    14
  Use: Potion            |       |       |     9 |       |     1 |     4 |     3 |       ||    17
       Scroll            |       |       |    16 |     9 |     9 |    14 |    12 |     4 ||    64
 Stab: Sleeping          |       |       |     1 |       |     3 |       |     3 |     1 ||     8
       Distracted        |       |       |       |     3 |       |     1 |     1 |       ||     5
  Eat: Chunk             |     3 |     7 |    15 |    76 |   195 |   185 |   155 |   116 ||   752
       Fruit             |       |       |     1 |     1 |     1 |     1 |     1 |       ||     5
       Bread ration      |       |       |     1 |       |     2 |       |       |       ||     3
       Beef jerky        |       |       |       |     1 |     1 |     4 |     3 |     1 ||    10
       Pizza             |       |       |       |     1 |     1 |     2 |     2 |     1 ||     7
       Meat ration       |       |       |       |       |     1 |     5 |     5 |     6 ||    17
       Royal jelly       |       |       |       |       |     2 |     1 |     1 |       ||     4
